Avalanche vs Blues

Created - 11 février 2020 at 20:29

Goals
1 2 3 OT1 T
Avalanche 1 0 0 1 2
Blues 1 0 0 0 1
Shots
1 2 3 OT1 T
Avalanche 24 3 8 3 38
Blues 8 9 10 0 27

1st period

1. Blues , Cody Eakin 16 (Jason Demers 6, Colin White 35) at 4:39
2. Avalanche , Patrick Marleau 5 (Ryan Ellis 10) at 10:33

Penalties :
No Penalty

2nd period

No Goal

Penalties :
Colin White (STL) for Tripping (Minor) at 1:12, Ryan Reaves (STL) for Hooking (Minor) at 4:05, Curtis Lazar (STL) for Hooking (Minor) at 12:29

3rd period

No Goal

Penalties :
Jujhar Khaira (COL) for Hooking (Minor) at 3:08, Melker Karlsson (STL) for Slashing (Minor) at 12:47

Overtime #1

3. Avalanche , Mark Stone 18 (Reilly Smith 19, Sean Couturier 25) at 2:57

Penalties :
No Penalty

Goalie Stats

Brian Elliott (COL), 26 saves from 27 shots - (0,963), W, 5-3-0, 62:57 minutes
Jonathan Quick (STL), 36 saves from 38 shots - (0,947), OTL, 15-22-5, 62:57 minutes

Players Stats for Avalanche

Player Name              G  A  P  +/- PIM S  H  SB GA TA FO     MP     PP MP  PK MP  
------------------------------------------------------------------------------------
Aleksander Barkov        0  0  0   0  0   4  0  0  0  0  16/26  19:41   4:06   0:00 
Anthony Duclair          0  0  0   0  0   4  1  1  1  0  0/1    17:07   3:48   0:39 
Brayden Point            0  0  0   0  0   2  2  0  0  0  0/0    19:52   2:56   0:39 
Carl Soderberg           0  0  0   0  0   9  1  0  0  0  8/12   16:25   1:08   0:59 
Eric Fehr                0  0  0   0  0   0  0  0  0  0  4/4     8:15   0:48   0:00 
Jaccob Slavin            0  0  0  -1  0   0  0  2  0  0  0/0    21:59   3:17   0:46 
Jay Bouwmeester          0  0  0   1  0   0  1  0  1  2  0/0    17:21   1:03   0:00 
Jujhar Khaira            0  0  0   0  2   0  1  0  0  0  0/0     7:03   0:00   0:00 
Kevin Connauton          0  0  0   1  0   3  0  0  0  0  0/0    16:31   0:16   0:00 
Mark Giordano            0  0  0  -1  0   2  1  3  1  2  0/0    23:45   5:16   1:13 
Mark Stone               1  0  1   1  0   2  1  0  0  0  0/2    18:55   3:45   0:21 
Mattias Ekholm           0  0  0   1  0   1  2  0  0  0  0/0    21:48   2:01   1:13 
Nikita Kucherov          0  0  0   0  0   5  1  0  3  0  0/1    19:27   4:08   0:00 
Patrick Marleau          1  0  1   0  0   1  1  0  0  0  0/0     7:36   0:16   0:00 
Reilly Smith             0  1  1   1  0   0  0  0  0  0  0/1    16:54   0:00   0:59 
Ryan Ellis               0  1  1   0  0   2  1  2  0  1  0/0    21:38   3:59   0:46 
Sean Couturier           0  1  1   0  0   2  1  1  0  0  4/6    19:23   2:53   0:21 
Zack Kassian             0  0  0   0  0   1  1  0  1  0  0/0    13:11   0:00   0:00 

Players Stats for Blues

Player Name              G  A  P  +/- PIM S  H  SB GA TA FO     MP     PP MP  PK MP  
------------------------------------------------------------------------------------
Adam Fox                 0  0  0  -1  0   0  0  1  0  1  0/0    12:33   0:05   0:00 
Brendan Smith            0  0  0  -1  0   0  2  2  0  0  0/0    12:29   0:00   0:14 
Cody Eakin               1  0  1   1  0   3  3  0  0  0  16/28  23:56   0:59   3:43 
Colin White              0  1  1   1  2   4  0  0  0  1  2/3    19:10   1:04   2:52 
Corey Perry              0  0  0   0  0   2  1  1  0  0  0/0    19:31   0:55   1:20 
Curtis Lazar             0  0  0  -1  2   4  1  1  1  0  0/0    13:52   0:05   0:00 
David Schlemko           0  0  0   0  0   2  1  2  0  1  0/0    24:18   0:37   4:50 
Denis Malgin             0  0  0   0  0   0  1  0  1  0  1/3     8:33   0:00   1:47 
Dominik Simon            0  0  0  -1  0   2  0  0  0  1  0/4    12:05   0:00   0:31 
Jason Demers             0  1  1   1  0   2  1  1  0  2  0/0    23:43   0:37   4:50 
Jeremy Bracco            0  0  0  -1  0   0  0  0  0  0  0/0     8:06   0:05   0:00 
Jordan Oesterle          0  0  0   0  0   0  0  1  0  0  0/0    18:32   1:17   2:52 
MacKenzie Weegar         0  0  0   0  0   0  0  1  0  0  0/0     7:20   0:00   0:14 
Matt Benning             0  0  0   0  0   0  0  2  0  1  0/0    17:54   1:17   2:52 
Matt Martin              0  0  0  -1  0   1  1  1  2  0  0/1    18:46   0:55   0:52 
Melker Karlsson          0  0  0   0  2   3  0  0  1  0  2/11   20:21   0:55   1:07 
Michael Frolik           0  0  0   1  0   3  3  0  0  0  0/2    18:06   0:59   2:03 
Ryan Reaves              0  0  0  -1  2   1  2  0  0  0  0/1    14:45   0:00   1:37 
Ryan Sproul              0  0  0   0  0   0  0  1  0  0  0/0     6:51   0:05   0:00 

3 Stars

1 - Brian Elliott (COL)
2 - Jonathan Quick (STL)
3 - Cody Eakin (STL)

Power Play

Avalanche - 0 on 4 Attempt(s) - 0,00%
Blues - 0 on 1 Attempt(s) - 0,00%

Penalty Kill

Avalanche - 1 on 1 Attempt(s) - 100,00% - Score 0 goal in Penalty Kill
Blues - 4 on 4 Attempt(s) - 100,00% - Score 0 goal in Penalty Kill

Team Stat

Avalanche - Hits : 15 - Faceoff Wins : 32 - Blocked Shots : 9 - Penalty Minutes : 2
Blues - Hits : 16 - Faceoff Wins : 21 - Blocked Shots : 14 - Penalty Minutes : 8

Official

Referees : Jon Mclsaac and Kelly Sutherland
Linesman : Ryan Gibbons and Brad Lazarowich

Game Notes

No Game Note

Finance

Level 1 -- Attendance: 4587 (76,45%) -- Ticket Income 458 700 $
Level 2 -- Attendance: 5000 (100,00%) -- Ticket Income 300 000 $
Level 3 -- Attendance: 1381 (69,05%) -- Ticket Income 55 240 $
Level 4 -- Attendance: 2330 (58,25%) -- Ticket Income 69 900 $
Luxury Box -- Attendance: 740 (74,00%) -- Ticket Income 148 000 $
Game was played at the St.Louis Garden.
Total Attendance: 14038 (77,99%)
Total Ticket Income: 1 031 840 $
Other Income: 505 602 $
Total Income: 1 537 442 $

Avalanche

5 vs 5 Forward 
   Center                   Left Wing                Right Wing               Time % Phy DF OF 
 1 Aleksander Barkov        Nikita Kucherov          Mark Stone               35     0   1  4  
 2 Sean Couturier           Reilly Smith             Brayden Point            32     0   2  3  
 3 Carl Soderberg           Anthony Duclair          Zack Kassian             28     0   2  3  
 4 Eric Fehr                Jujhar Khaira            Patrick Marleau          5      0   5  0  

5 vs 5 Defense 
   Defense                  Defense                                           Time % Phy DF OF 
 1 Ryan Ellis               Mattias Ekholm                                    35     0   3  2  
 2 Jaccob Slavin            Mark Giordano                                     32     0   3  2  
 3 Jay Bouwmeester          Kevin Connauton                                   28     0   3  2  
 4 Jay Bouwmeester          Kevin Connauton                                   5      0   5  0  

PowerPlay Forward 
   Center                   Left Wing                Right Wing               Time % Phy DF OF 
 1 Aleksander Barkov        Nikita Kucherov          Brayden Point            60     0   1  4  
 2 Sean Couturier           Anthony Duclair          Mark Stone               40     0   1  4  

PowerPlay Defense
   Defense                  Defense                                           Time % Phy DF OF 
 1 Mark Giordano            Ryan Ellis                                        60     0   3  2  
 2 Mattias Ekholm           Jaccob Slavin                                     40     0   3  2  

Penalty Kill 4 Players Forward 
   Center                   Wing                     Time % Phy DF OF 
 1 Carl Soderberg           Reilly Smith             60     0   3  2  
 2 Sean Couturier           Mark Stone               40     0   3  2  

Penalty Kill 4 Players Defense
   Defense                  Defense                  Time % Phy DF OF 
 1 Mark Giordano            Mattias Ekholm           60     0   4  1  
 2 Jaccob Slavin            Ryan Ellis               40     0   4  1  

Penalty Kill - 3 Players Forward 
   Forward                                           Time % Phy DF OF 
 1 Carl Soderberg                                    60     0   5  0  
 2 Eric Fehr                                         40     0   5  0  

Penalty Kill - 3 Players Defense
   Defense                  Defense                  Time % Phy DF OF 
 1 Mark Giordano            Mattias Ekholm           60     1   4  0  
 2 Jaccob Slavin            Ryan Ellis               40     1   4  0  

4 vs 4 Forward 
   Center                   Wing                     Time % Phy DF OF 
 1 Sean Couturier           Mark Stone               60     0   2  3  
 2 Aleksander Barkov        Reilly Smith             40     0   2  3  

4 vs 4 Defense
   Defense                  Defense                  Time % Phy DF OF 
 1 Mark Giordano            Mattias Ekholm           60     0   3  2  
 2 Jaccob Slavin            Ryan Ellis               40     0   3  2  

Last Minutes Offensive
   Center                   Left Wing                Right Wing               Defense                  Defense                  
   Aleksander Barkov        Nikita Kucherov          Mark Stone               Mark Giordano            Ryan Ellis               

Last Minutes Defensive
   Center                   Left Wing                Right Wing               Defense                  Defense                  
   Sean Couturier           Carl Soderberg           Mark Stone               Mark Giordano            Ryan Ellis               

Goaltenders
Starting : Brian Elliott            
Backup : Pekka Rinne              

Extra Forwards
Normal : Carl Soderberg, Zack Kassian, Anthony Duclair - PP : Carl Soderberg, Brayden Point - PK : Anthony Duclair
Extra Defensemen
Normal : Ryan Ellis, Mark Giordano, Mattias Ekholm - PP : Jay Bouwmeester - PK : Kevin Connauton, Jay Bouwmeester
Penalty Shots
Aleksander Barkov, Sean Couturier, Nikita Kucherov, Mark Stone, Reilly Smith
Custom OT Lines Forwards
Aleksander Barkov, Nikita Kucherov, Sean Couturier, Brayden Point, Carl Soderberg, Mark Stone, Reilly Smith, Zack Kassian, Anthony Duclair, Eric Fehr
Custom OT Lines Defensemen
Mark Giordano, Mattias Ekholm, Jaccob Slavin, Ryan Ellis, Jay Bouwmeester

Scratches
Robert Bortuzzo (Suspend)

Blues

5 vs 5 Forward 
   Center                   Left Wing                Right Wing               Time % Phy DF OF 
 1 Cody Eakin               Michael Frolik           Colin White              40     1   2  2  
 2 Melker Karlsson          Matt Martin              Corey Perry              30     1   2  2  
 3 Dominik Simon            Ryan Reaves              Curtis Lazar             20     1   2  2  
 4 Denis Malgin             Cody Eakin               Jeremy Bracco            10     1   2  2  

5 vs 5 Defense 
   Defense                  Defense                                           Time % Phy DF OF 
 1 David Schlemko           Jason Demers                                      40     1   2  2  
 2 Jordan Oesterle          Matt Benning                                      30     1   2  2  
 3 Adam Fox                 Brendan Smith                                     20     1   2  2  
 4 MacKenzie Weegar         Ryan Sproul                                       10     1   2  2  

PowerPlay Forward 
   Center                   Left Wing                Right Wing               Time % Phy DF OF 
 1 Cody Eakin               Michael Frolik           Colin White              60     1   2  2  
 2 Melker Karlsson          Matt Martin              Corey Perry              40     1   2  2  

PowerPlay Defense
   Defense                  Defense                                           Time % Phy DF OF 
 1 David Schlemko           Jason Demers                                      60     1   2  2  
 2 Jordan Oesterle          Matt Benning                                      40     1   2  2  

Penalty Kill 4 Players Forward 
   Center                   Wing                     Time % Phy DF OF 
 1 Cody Eakin               Colin White              60     1   2  2  
 2 Michael Frolik           Corey Perry              40     1   2  2  

Penalty Kill 4 Players Defense
   Defense                  Defense                  Time % Phy DF OF 
 1 David Schlemko           Jason Demers             60     1   2  2  
 2 Jordan Oesterle          Matt Benning             40     1   2  2  

Penalty Kill - 3 Players Forward 
   Forward                                           Time % Phy DF OF 
 1 Cody Eakin                                        60     1   2  2  
 2 Colin White                                       40     1   2  2  

Penalty Kill - 3 Players Defense
   Defense                  Defense                  Time % Phy DF OF 
 1 David Schlemko           Jason Demers             60     1   2  2  
 2 Jordan Oesterle          Matt Benning             40     1   2  2  

4 vs 4 Forward 
   Center                   Wing                     Time % Phy DF OF 
 1 Cody Eakin               Colin White              60     1   2  2  
 2 Michael Frolik           Corey Perry              40     1   2  2  

4 vs 4 Defense
   Defense                  Defense                  Time % Phy DF OF 
 1 David Schlemko           Jason Demers             60     1   2  2  
 2 Jordan Oesterle          Matt Benning             40     1   2  2  

Last Minutes Offensive
   Center                   Left Wing                Right Wing               Defense                  Defense                  
   Cody Eakin               Michael Frolik           Colin White              David Schlemko           Jason Demers             

Last Minutes Defensive
   Center                   Left Wing                Right Wing               Defense                  Defense                  
   Cody Eakin               Michael Frolik           Colin White              David Schlemko           Jason Demers             

Goaltenders
Starting : Jonathan Quick           
Backup : Tom McCollum             

Extra Forwards
Normal : Curtis Lazar, Jeremy Bracco, Ryan Reaves - PP : Curtis Lazar, Jeremy Bracco - PK : Ryan Reaves
Extra Defensemen
Normal : Adam Fox, Brendan Smith, MacKenzie Weegar - PP : Adam Fox - PK : Brendan Smith, MacKenzie Weegar
Penalty Shots
Cody Eakin, Colin White, Michael Frolik, Corey Perry, Curtis Lazar
Custom OT Lines Forwards
Cody Eakin, Colin White, Michael Frolik, Corey Perry, Curtis Lazar, Melker Karlsson, Jeremy Bracco, Matt Martin, Ryan Reaves, Dominik Simon
Custom OT Lines Defensemen
David Schlemko, Jason Demers, Jordan Oesterle, Matt Benning, Adam Fox

Scratches
Anthony Cirelli (Healthy), Alex Dostie (Healthy)

% Time on Ice - Avalanche

Lines # - Real PCT - Wanted PCT - Time Play
Normal Forward
1 - 29% - 35% - 14:45
2 - 32% - 32% - 16:06
3 - 25% - 28% - 12:23
4 - 14% - 5% - 6:51
Normal Defense
1 - 35% - 35% - 17:18
2 - 34% - 32% - 17:13
3 - 29% - 28% - 14:31
4 - 2% - 5% - 1:03
PP Forward
1 - 53% - 60% - 4:11
2 - 47% - 40% - 3:45
PP Defense
1 - 67% - 60% - 5:19
2 - 33% - 40% - 2:37
PK Forward
1 - 82% - 60% - 1:38
2 - 18% - 40% - 0:21
PK Defense
1 - 61% - 60% - 1:13
2 - 39% - 40% - 0:46
PK3 Forward
1 - 0% - 60%
2 - 0% - 40%
PK3 Defense
1 - 0% - 60%
2 - 0% - 40%
44 Forward
1 - 0% - 60%
2 - 0% - 40%
44 Defense
1 - 0% - 60%
2 - 0% - 40%
Last Minute Offensive  - 0:00
Last Minute Defensive  - 0:00
Total
Forward - 60:00
Defense - 60:00

% Time on Ice - Blues

Lines # - Real PCT - Wanted PCT - Time Play
Normal Forward
1 - 33% - 40% - 16:31
2 - 32% - 30% - 16:05
3 - 23% - 20% - 11:24
4 - 12% - 10% - 6:05
Normal Defense
1 - 36% - 40% - 17:48
2 - 27% - 30% - 13:40
3 - 24% - 20% - 11:53
4 - 13% - 10% - 6:44
PP Forward
1 - 54% - 60% - 1:04
2 - 46% - 40% - 0:55
PP Defense
1 - 35% - 60% - 0:42
2 - 65% - 40% - 1:17
PK Forward
1 - 83% - 60% - 6:36
2 - 17% - 40% - 1:20
PK Defense
1 - 64% - 60% - 5:04
2 - 36% - 40% - 2:52
PK3 Forward
1 - 0% - 60%
2 - 0% - 40%
PK3 Defense
1 - 0% - 60%
2 - 0% - 40%
44 Forward
1 - 0% - 60%
2 - 0% - 40%
44 Defense
1 - 0% - 60%
2 - 0% - 40%
Last Minute Offensive  - 0:00
Last Minute Defensive  - 0:00
Total
Forward - 60:00
Defense - 60:00

Play-by-Play

1st period


0:01 of 1st period - Aleksander Barkov wins face-off versus Colin White in neutral zone.
0:14 of 1st period - Snap shot by Nikita Kucherov.
0:14 of 1st period - Deflect By Aleksander Barkov.
0:14 of 1st period - Stopped by Jonathan Quick with a rebound.
0:38 of 1st period - Snap shot by Brayden Point.
0:38 of 1st period - Stopped by Jonathan Quick without a rebound.
0:39 of 1st period - Carl Soderberg wins face-off versus Dominik Simon in Blues zone.
3:20 of 1st period - Icing by Matt Martin.
3:21 of 1st period - Aleksander Barkov wins face-off versus Melker Karlsson in Blues zone.
3:22 of 1st period - Slapshot by Nikita Kucherov.
3:22 of 1st period - Stopped by Jonathan Quick without a rebound.
3:23 of 1st period - Aleksander Barkov wins face-off versus Cody Eakin in Blues zone.
3:24 of 1st period - Snap shot by Nikita Kucherov.
3:24 of 1st period - Stopped by Jonathan Quick with a rebound.
3:36 of 1st period - Slapshot by Michael Frolik.
3:36 of 1st period - Stopped by Brian Elliott with a rebound.
3:58 of 1st period - Snap shot by Reilly Smith.
3:58 of 1st period - Shot Blocked by David Schlemko.
4:00 of 1st period - Backhand shot by Reilly Smith.
4:00 of 1st period - Shot Misses the Net.
4:35 of 1st period - Snap shot by Colin White.
4:35 of 1st period - Shot Blocked by Jaccob Slavin.
4:37 of 1st period - Slapshot by Jason Demers.
4:37 of 1st period - Stopped by Brian Elliott with a rebound.
4:39 of 1st period - Snap shot by Cody Eakin.
4:39 of 1st period - Goal by Cody Eakin - Avalanche : 0 - Blues : 1.
4:40 of 1st period - Cody Eakin wins face-off versus Aleksander Barkov in neutral zone.
4:47 of 1st period - Snap shot by Michael Frolik.
4:47 of 1st period - Shot Misses the Net.
5:14 of 1st period - Wrist shot by Brayden Point.
5:14 of 1st period - Stopped by Jonathan Quick without a rebound.
5:15 of 1st period - Carl Soderberg wins face-off versus Matt Martin in Blues zone.
5:28 of 1st period - Wrist shot by Anthony Duclair.
5:28 of 1st period - Deflect By Carl Soderberg.
5:28 of 1st period - Stopped by Jonathan Quick with a rebound.
5:30 of 1st period - Snap shot by Kevin Connauton.
5:30 of 1st period - Shot Blocked by Matt Martin.
5:40 of 1st period - Jay Bouwmeester is hit by Michael Frolik and loses puck.
5:49 of 1st period - Slapshot by Kevin Connauton.
5:49 of 1st period - Deflect By Nikita Kucherov.
5:49 of 1st period - Stopped by Jonathan Quick with a rebound.
6:05 of 1st period - Slapshot by Dominik Simon.
6:05 of 1st period - Stopped by Brian Elliott without a rebound.
6:06 of 1st period - Sean Couturier wins face-off versus Dominik Simon in Avalanche zone.
6:44 of 1st period - Snap shot by Colin White.
6:44 of 1st period - Stopped by Brian Elliott without a rebound.
6:45 of 1st period - Carl Soderberg wins face-off versus Melker Karlsson in Avalanche zone.
7:15 of 1st period - Mattias Ekholm is hit by Brendan Smith and loses puck.
7:38 of 1st period - Wrist shot by Aleksander Barkov.
7:38 of 1st period - Stopped by Jonathan Quick without a rebound.
7:39 of 1st period - Carl Soderberg wins face-off versus Cody Eakin in Blues zone.
7:40 of 1st period - Slapshot by Anthony Duclair.
7:40 of 1st period - Stopped by Jonathan Quick with a rebound.
7:42 of 1st period - Wrist shot by Carl Soderberg.
7:42 of 1st period - Stopped by Jonathan Quick without a rebound.
7:43 of 1st period - Cody Eakin wins face-off versus Carl Soderberg in Blues zone.
7:43 of 1st period - Cody Eakin is hit by Carl Soderberg.
7:49 of 1st period - Kevin Connauton is hit by Cody Eakin and loses puck.
8:20 of 1st period - Snap shot by Melker Karlsson.
8:20 of 1st period - Stopped by Brian Elliott with a rebound.
8:36 of 1st period - Wrist shot by Sean Couturier.
8:36 of 1st period - Shot Blocked by Jordan Oesterle.
8:50 of 1st period - Jay Bouwmeester is hit by Cody Eakin and loses puck.
9:08 of 1st period - Icing by Cody Eakin.
9:09 of 1st period - Aleksander Barkov wins face-off versus Denis Malgin in Blues zone.
9:16 of 1st period - Snap shot by Nikita Kucherov.
9:16 of 1st period - Deflect By Aleksander Barkov.
9:16 of 1st period - Shot Blocked by Matt Benning.
9:16 of 1st period - Puck is out of play.
9:17 of 1st period - Aleksander Barkov wins face-off versus Melker Karlsson in Blues zone.
9:28 of 1st period - Snap shot by Nikita Kucherov.
9:28 of 1st period - Deflect By Aleksander Barkov.
9:28 of 1st period - Stopped by Jonathan Quick without a rebound.
9:29 of 1st period - Carl Soderberg wins face-off versus Cody Eakin in Blues zone.
10:33 of 1st period - Snap shot by Patrick Marleau.
10:33 of 1st period - Goal by Patrick Marleau - Avalanche : 1 - Blues : 1.
10:34 of 1st period - Cody Eakin wins face-off versus Reilly Smith in neutral zone.
12:05 of 1st period - Curtis Lazar is hit by Brayden Point and loses puck.
12:22 of 1st period - Icing by Brayden Point.
12:23 of 1st period - Denis Malgin wins face-off versus Anthony Duclair in Avalanche zone.
12:30 of 1st period - Slapshot by Cody Eakin.
12:30 of 1st period - Stopped by Brian Elliott without a rebound.
12:31 of 1st period - Cody Eakin wins face-off versus Aleksander Barkov in Avalanche zone.
13:26 of 1st period - Snap shot by Brayden Point.
13:26 of 1st period - Deflect By Sean Couturier.
13:26 of 1st period - Shot Misses the Net.
13:26 of 1st period - Puck is out of play.
13:27 of 1st period - Aleksander Barkov wins face-off versus Cody Eakin in Blues zone.
13:58 of 1st period - Snap shot by Carl Soderberg.
13:58 of 1st period - Stopped by Jonathan Quick with a rebound.
14:00 of 1st period - Slapshot by Mark Giordano.
14:00 of 1st period - Deflect By Colin White.
14:00 of 1st period - Stopped by Jonathan Quick without a rebound.
14:01 of 1st period - Carl Soderberg wins face-off versus Melker Karlsson in Blues zone.
15:03 of 1st period - Wrist shot by Anthony Duclair.
15:03 of 1st period - Shot Blocked by David Schlemko.
15:05 of 1st period - Backhand shot by Mark Giordano.
15:05 of 1st period - Stopped by Jonathan Quick with a rebound.
15:17 of 1st period - Wrist shot by Melker Karlsson.
15:17 of 1st period - Deflect By Corey Perry.
15:17 of 1st period - Stopped by Brian Elliott with a rebound.
15:37 of 1st period - Wrist shot by Carl Soderberg.
15:37 of 1st period - Deflect By Anthony Duclair.
15:37 of 1st period - Shot Misses the Net.
15:37 of 1st period - Puck is out of play.
15:38 of 1st period - Cody Eakin wins face-off versus Sean Couturier in Blues zone.
15:38 of 1st period - Cody Eakin is hit by Ryan Ellis.
17:02 of 1st period - Slapshot by Brayden Point.
17:02 of 1st period - Shot Blocked by Curtis Lazar.
17:04 of 1st period - Slapshot by Kevin Connauton.
17:04 of 1st period - Stopped by Jonathan Quick with a rebound.
17:06 of 1st period - Snap shot by Brayden Point.
17:06 of 1st period - Shot Misses the Net.
17:08 of 1st period - Slapshot by Kevin Connauton.
17:08 of 1st period - Stopped by Jonathan Quick with a rebound.
17:10 of 1st period - Snap shot by Sean Couturier.
17:10 of 1st period - Stopped by Jonathan Quick with a rebound.
17:12 of 1st period - Slapshot by Kevin Connauton.
17:12 of 1st period - Stopped by Jonathan Quick without a rebound.
17:13 of 1st period - Aleksander Barkov wins face-off versus Cody Eakin in Blues zone.
17:18 of 1st period - Slapshot by Nikita Kucherov.
17:18 of 1st period - Shot Blocked by MacKenzie Weegar.
17:20 of 1st period - Wrist shot by Mark Stone.
17:20 of 1st period - Stopped by Jonathan Quick with a rebound.
17:22 of 1st period - Slapshot by Aleksander Barkov.
17:22 of 1st period - Shot Misses the Net.
17:24 of 1st period - Slapshot by Mattias Ekholm.
17:24 of 1st period - Stopped by Jonathan Quick without a rebound.
17:25 of 1st period - Cody Eakin wins face-off versus Aleksander Barkov in Blues zone.
17:25 of 1st period - Cody Eakin is hit by Mattias Ekholm.
17:32 of 1st period - Off-side.
17:33 of 1st period - Aleksander Barkov wins face-off versus Michael Frolik in neutral zone.
18:08 of 1st period - Snap shot by Nikita Kucherov.
18:08 of 1st period - Shot Misses the Net.
18:28 of 1st period - Snap shot by Carl Soderberg.
18:28 of 1st period - Stopped by Jonathan Quick with a rebound.
18:30 of 1st period - Slapshot by Ryan Ellis.
18:30 of 1st period - Stopped by Jonathan Quick with a rebound.
18:32 of 1st period - Backhand shot by Ryan Ellis.
18:32 of 1st period - Stopped by Jonathan Quick without a rebound.
18:33 of 1st period - Eric Fehr wins face-off versus Ryan Reaves in Blues zone.
19:45 of 1st period - Melker Karlsson is hit by Nikita Kucherov and loses puck.
Goals for this period are 1 for Avalanche vs 1 for Blues.
Shots for this period are 24 for Avalanche vs 8 for Blues.

2nd period


0:01 of 2nd period - Cody Eakin wins face-off versus Mark Stone in neutral zone.
0:04 of 2nd period - Wrist shot by Michael Frolik.
0:04 of 2nd period - Shot Misses the Net.
0:06 of 2nd period - Slapshot by David Schlemko.
0:06 of 2nd period - Deflect By Colin White.
0:06 of 2nd period - Shot Misses the Net.
0:06 of 2nd period - Puck is out of play.
0:07 of 2nd period - Cody Eakin wins face-off versus Mark Stone in Avalanche zone.
0:08 of 2nd period - Backhand shot by Colin White.
0:08 of 2nd period - Stopped by Brian Elliott without a rebound.
0:09 of 2nd period - Cody Eakin wins face-off versus Aleksander Barkov in Avalanche zone.
0:10 of 2nd period - Wrist shot by Colin White.
0:10 of 2nd period - Shot Misses the Net.
0:12 of 2nd period - Wrist shot by Cody Eakin.
0:12 of 2nd period - Shot Misses the Net.
0:26 of 2nd period - Backhand shot by Michael Frolik.
0:26 of 2nd period - Shot Blocked by Ryan Ellis.
0:28 of 2nd period - Snap shot by Michael Frolik.
0:28 of 2nd period - Stopped by Brian Elliott without a rebound.
0:29 of 2nd period - Sean Couturier wins face-off versus Dominik Simon in Avalanche zone.
0:42 of 2nd period - Snap shot by Curtis Lazar.
0:42 of 2nd period - Stopped by Brian Elliott without a rebound.
0:43 of 2nd period - Colin White wins face-off versus Aleksander Barkov in Avalanche zone.
0:49 of 2nd period - Off-side.
0:50 of 2nd period - Cody Eakin wins face-off versus Nikita Kucherov in neutral zone.
0:53 of 2nd period - Aleksander Barkov is hit by Jason Demers and loses puck.
1:12 of 2nd period - Minor Penalty to Colin White for Tripping.
1:13 of 2nd period - Aleksander Barkov wins face-off versus Cody Eakin in Blues zone.
1:40 of 2nd period - Jason Demers is hit by Mark Giordano and loses puck.
2:09 of 2nd period - Snap shot by Melker Karlsson.
2:09 of 2nd period - Shot Misses the Net.
3:12 of 2nd period - Penalty to Colin White is over, Colin White is back on ice.
3:21 of 2nd period - Snap shot by Ryan Reaves.
3:21 of 2nd period - Deflect By Colin White.
3:21 of 2nd period - Stopped by Brian Elliott with a rebound.
3:23 of 2nd period - Snap shot by Matt Martin.
3:23 of 2nd period - Shot Blocked by Jaccob Slavin.
3:25 of 2nd period - Slapshot by Brendan Smith.
3:25 of 2nd period - Deflect By Matt Martin.
3:25 of 2nd period - Stopped by Brian Elliott with a rebound.
3:50 of 2nd period - Carl Soderberg is hit by Michael Frolik and loses puck.
4:05 of 2nd period - Minor Penalty to Ryan Reaves for Hooking.
4:06 of 2nd period - Aleksander Barkov wins face-off versus Cody Eakin in Blues zone.
6:05 of 2nd period - Penalty to Ryan Reaves is over, Ryan Reaves is back on ice.
6:05 of 2nd period - Jaccob Slavin is hit by Ryan Reaves and loses puck.
6:26 of 2nd period - Snap shot by Curtis Lazar.
6:26 of 2nd period - Stopped by Brian Elliott without a rebound.
6:27 of 2nd period - Eric Fehr wins face-off versus Melker Karlsson in Avalanche zone.
6:34 of 2nd period - Snap shot by Melker Karlsson.
6:34 of 2nd period - Stopped by Brian Elliott without a rebound.
6:35 of 2nd period - Eric Fehr wins face-off versus Melker Karlsson in Avalanche zone.
7:31 of 2nd period - Wrist shot by Ryan Reaves.
7:31 of 2nd period - Stopped by Brian Elliott with a rebound.
7:43 of 2nd period - Wrist shot by Carl Soderberg.
7:43 of 2nd period - Stopped by Jonathan Quick with a rebound.
7:45 of 2nd period - Slapshot by Carl Soderberg.
7:45 of 2nd period - Stopped by Jonathan Quick with a rebound.
7:47 of 2nd period - Snap shot by Carl Soderberg.
7:47 of 2nd period - Stopped by Jonathan Quick without a rebound.
7:48 of 2nd period - Melker Karlsson wins face-off versus Sean Couturier in Blues zone.
7:55 of 2nd period - Snap shot by Corey Perry.
7:55 of 2nd period - Deflect By Matt Martin.
7:55 of 2nd period - Shot Misses the Net.
7:55 of 2nd period - Puck is out of play.
7:56 of 2nd period - Sean Couturier wins face-off versus Melker Karlsson in Avalanche zone.
8:13 of 2nd period - Brayden Point is hit by Brendan Smith and loses puck.
8:20 of 2nd period - Slapshot by Ryan Ellis.
8:20 of 2nd period - Shot Misses the Net.
8:40 of 2nd period - Brendan Smith is hit by Mattias Ekholm and loses puck.
9:14 of 2nd period - Slapshot by Corey Perry.
9:14 of 2nd period - Shot Blocked by Ryan Ellis.
9:48 of 2nd period - Wrist shot by Brayden Point.
9:48 of 2nd period - Shot Misses the Net.
9:50 of 2nd period - Slapshot by Brayden Point.
9:50 of 2nd period - Shot Blocked by Brendan Smith.
9:52 of 2nd period - Snap shot by Sean Couturier.
9:52 of 2nd period - Shot Misses the Net.
9:54 of 2nd period - Wrist shot by Sean Couturier.
9:54 of 2nd period - Shot Blocked by Adam Fox.
10:36 of 2nd period - Wrist shot by Sean Couturier.
10:36 of 2nd period - Shot Misses the Net.
11:14 of 2nd period - Wrist shot by Corey Perry.
11:14 of 2nd period - Stopped by Brian Elliott without a rebound.
11:15 of 2nd period - Aleksander Barkov wins face-off versus Cody Eakin in Avalanche zone.
11:22 of 2nd period - Slapshot by Cody Eakin.
11:22 of 2nd period - Shot Misses the Net.
11:24 of 2nd period - Slapshot by Jason Demers.
11:24 of 2nd period - Shot Misses the Net.
11:40 of 2nd period - Dominik Simon is hit by Anthony Duclair and loses puck.
12:15 of 2nd period - Nikita Kucherov is hit by Cody Eakin and loses puck.
12:29 of 2nd period - Minor Penalty to Curtis Lazar for Hooking.
12:30 of 2nd period - Cody Eakin wins face-off versus Aleksander Barkov in Blues zone.
14:29 of 2nd period - Penalty to Curtis Lazar is over, Curtis Lazar is back on ice.
14:49 of 2nd period - Dominik Simon is hit by Jujhar Khaira and loses puck.
Goals for this period are 0 for Avalanche vs 0 for Blues.
Shots for this period are 3 for Avalanche vs 9 for Blues.

3rd period


0:01 of 3rd period - Cody Eakin wins face-off versus Aleksander Barkov in neutral zone.
0:04 of 3rd period - Snap shot by Michael Frolik.
0:04 of 3rd period - Stopped by Brian Elliott without a rebound.
0:05 of 3rd period - Aleksander Barkov wins face-off versus Cody Eakin in Avalanche zone.
0:14 of 3rd period - Slapshot by Mark Giordano.
0:14 of 3rd period - Deflect By Aleksander Barkov.
0:14 of 3rd period - Stopped by Jonathan Quick with a rebound.
0:16 of 3rd period - Slapshot by Jaccob Slavin.
0:16 of 3rd period - Shot Hit the Post.
1:15 of 3rd period - Jeremy Bracco is hit by Patrick Marleau and loses puck.
1:52 of 3rd period - Jeremy Bracco is hit by Mark Stone and loses puck.
2:07 of 3rd period - Snap shot by Melker Karlsson.
2:07 of 3rd period - Stopped by Brian Elliott with a rebound.
2:09 of 3rd period - Slapshot by David Schlemko.
2:09 of 3rd period - Stopped by Brian Elliott with a rebound.
2:11 of 3rd period - Slapshot by Jason Demers.
2:11 of 3rd period - Stopped by Brian Elliott with a rebound.
2:13 of 3rd period - Slapshot by Jason Demers.
2:13 of 3rd period - Shot Blocked by Mark Giordano.
2:27 of 3rd period - Snap shot by Brayden Point.
2:27 of 3rd period - Deflect By Sean Couturier.
2:27 of 3rd period - Stopped by Jonathan Quick with a rebound.
2:53 of 3rd period - Wrist shot by Patrick Marleau.
2:53 of 3rd period - Deflect By Eric Fehr.
2:53 of 3rd period - Shot Misses the Net.
2:53 of 3rd period - Puck is out of play.
2:54 of 3rd period - Eric Fehr wins face-off versus Melker Karlsson in Blues zone.
3:08 of 3rd period - Minor Penalty to Jujhar Khaira for Hooking.
3:09 of 3rd period - Cody Eakin wins face-off versus Carl Soderberg in Avalanche zone.
3:11 of 3rd period - Wrist shot by Cody Eakin.
3:11 of 3rd period - Stopped by Brian Elliott with a rebound.
4:25 of 3rd period - Cody Eakin is hit by Brayden Point.
5:08 of 3rd period - Penalty to Jujhar Khaira is over, Jujhar Khaira is back on ice.
5:23 of 3rd period - Wrist shot by Curtis Lazar.
5:23 of 3rd period - Stopped by Brian Elliott without a rebound.
5:24 of 3rd period - Aleksander Barkov wins face-off versus Dominik Simon in Avalanche zone.
5:48 of 3rd period - Jujhar Khaira is hit by Denis Malgin and loses puck.
6:52 of 3rd period - Snap shot by Aleksander Barkov.
6:52 of 3rd period - Shot Blocked by Jason Demers.
8:39 of 3rd period - Off-side.
8:40 of 3rd period - Sean Couturier wins face-off versus Denis Malgin in neutral zone.
8:45 of 3rd period - Snap shot by Sean Couturier.
8:45 of 3rd period - Shot Blocked by Matt Benning.
9:01 of 3rd period - Wrist shot by Brayden Point.
9:01 of 3rd period - Shot Misses the Net.
10:40 of 3rd period - Snap shot by Anthony Duclair.
10:40 of 3rd period - Stopped by Jonathan Quick without a rebound.
10:41 of 3rd period - Carl Soderberg wins face-off versus Melker Karlsson in Blues zone.
10:42 of 3rd period - Wrist shot by Anthony Duclair.
10:42 of 3rd period - Stopped by Jonathan Quick with a rebound.
10:44 of 3rd period - Snap shot by Carl Soderberg.
10:44 of 3rd period - Shot Misses the Net.
10:46 of 3rd period - Slapshot by Mattias Ekholm.
10:46 of 3rd period - Shot Misses the Net.
10:50 of 3rd period - Slapshot by Carl Soderberg.
10:50 of 3rd period - Shot Blocked by Brendan Smith.
10:52 of 3rd period - Snap shot by Zack Kassian.
10:52 of 3rd period - Stopped by Jonathan Quick without a rebound.
10:53 of 3rd period - Aleksander Barkov wins face-off versus Cody Eakin in Blues zone.
10:54 of 3rd period - Snap shot by Nikita Kucherov.
10:54 of 3rd period - Stopped by Jonathan Quick without a rebound.
10:55 of 3rd period - Aleksander Barkov wins face-off versus Cody Eakin in Blues zone.
11:28 of 3rd period - Wrist shot by Carl Soderberg.
11:28 of 3rd period - Shot Misses the Net.
11:30 of 3rd period - Wrist shot by Anthony Duclair.
11:30 of 3rd period - Shot Misses the Net.
11:40 of 3rd period - Snap shot by Matt Martin.
11:40 of 3rd period - Shot Blocked by Mark Giordano.
11:42 of 3rd period - Wrist shot by Dominik Simon.
11:42 of 3rd period - Shot Misses the Net.
11:44 of 3rd period - Slapshot by Dominik Simon.
11:44 of 3rd period - Shot Misses the Net.
11:46 of 3rd period - Snap shot by Dominik Simon.
11:46 of 3rd period - Stopped by Brian Elliott with a rebound.
11:48 of 3rd period - Snap shot by Curtis Lazar.
11:48 of 3rd period - Stopped by Brian Elliott without a rebound.
11:49 of 3rd period - Cody Eakin wins face-off versus Aleksander Barkov in Avalanche zone.
11:50 of 3rd period - Wrist shot by Colin White.
11:50 of 3rd period - Stopped by Brian Elliott without a rebound.
11:51 of 3rd period - Cody Eakin wins face-off versus Aleksander Barkov in Avalanche zone.
11:54 of 3rd period - Wrist shot by Colin White.
11:54 of 3rd period - Shot Misses the Net.
12:24 of 3rd period - Snap shot by Carl Soderberg.
12:24 of 3rd period - Stopped by Jonathan Quick without a rebound.
12:25 of 3rd period - Melker Karlsson wins face-off versus Carl Soderberg in Blues zone.
12:25 of 3rd period - Melker Karlsson is hit by Zack Kassian.
12:33 of 3rd period - Slapshot by Matt Benning.
12:33 of 3rd period - Shot Blocked by Anthony Duclair.
12:47 of 3rd period - Minor Penalty to Melker Karlsson for Slashing.
12:48 of 3rd period - Colin White wins face-off versus Aleksander Barkov in Blues zone.
13:15 of 3rd period - Mark Giordano is hit by David Schlemko and loses puck.
13:26 of 3rd period - Wrist shot by Mark Stone.
13:26 of 3rd period - Shot Blocked by Corey Perry.
13:54 of 3rd period - Jordan Oesterle is hit by Sean Couturier and loses puck.
14:19 of 3rd period - Sean Couturier is hit by Ryan Reaves and loses puck.
14:47 of 3rd period - Penalty to Melker Karlsson is over, Melker Karlsson is back on ice.
15:18 of 3rd period - Slapshot by David Schlemko.
15:18 of 3rd period - Stopped by Brian Elliott with a rebound.
16:03 of 3rd period - Reilly Smith is hit by Michael Frolik and loses puck.
16:20 of 3rd period - Wrist shot by Corey Perry.
16:20 of 3rd period - Shot Misses the Net.
16:22 of 3rd period - Wrist shot by Curtis Lazar.
16:22 of 3rd period - Shot Blocked by Mark Giordano.
16:24 of 3rd period - Wrist shot by Jeremy Bracco.
16:24 of 3rd period - Deflect By Corey Perry.
16:24 of 3rd period - Shot Misses the Net.
16:24 of 3rd period - Puck is out of play.
16:25 of 3rd period - Cody Eakin wins face-off versus Carl Soderberg in Avalanche zone.
17:08 of 3rd period - Wrist shot by Anthony Duclair.
17:08 of 3rd period - Stopped by Jonathan Quick without a rebound.
17:09 of 3rd period - Carl Soderberg wins face-off versus Michael Frolik in Blues zone.
17:59 of 3rd period - Brayden Point is hit by Matt Martin and loses puck.
18:10 of 3rd period - Matt Benning is hit by Jay Bouwmeester and loses puck.
18:29 of 3rd period - Snap shot by Nikita Kucherov.
18:29 of 3rd period - Shot Blocked by Ryan Sproul.
19:26 of 3rd period - Anthony Duclair is hit by Curtis Lazar and loses puck.
Goals for this period are 0 for Avalanche vs 0 for Blues.
Shots for this period are 8 for Avalanche vs 10 for Blues.

Overtime #1


0:01 of 1st overtime period - Aleksander Barkov wins face-off versus Cody Eakin in neutral zone.
0:28 of 1st overtime period - Wrist shot by Colin White.
0:28 of 1st overtime period - Shot Blocked by Sean Couturier.
1:00 of 1st overtime period - Snap shot by Curtis Lazar.
1:00 of 1st overtime period - Shot Misses the Net.
1:26 of 1st overtime period - Snap shot by Carl Soderberg.
1:26 of 1st overtime period - Shot Misses the Net.
1:28 of 1st overtime period - Slapshot by Carl Soderberg.
1:28 of 1st overtime period - Stopped by Jonathan Quick with a rebound.
1:46 of 1st overtime period - Snap shot by Nikita Kucherov.
1:46 of 1st overtime period - Stopped by Jonathan Quick with a rebound.
2:32 of 1st overtime period - Brayden Point is hit by Corey Perry and loses puck.
2:57 of 1st overtime period - Slapshot by Mark Stone.
2:57 of 1st overtime period - Goal by Mark Stone - Avalanche : 2 - Blues : 1.
Goals for this period are 1 for Avalanche vs 0 for Blues.
Shots for this period are 3 for Avalanche vs 0 for Blues. Output by the SimonT Hockey Simulator (STHS) for Eric Tremblay - Original Page W3C HTML5 Valid
Hockey Simulator - Hockey Simulation - Hockey Manager